3AA
MINNESOTA LOONS @ YAKIMA HOPS
07/12/2041
 
TOP OF THE 1ST
Minnesota Loons batting - Pitching for Yakima Hops : LHP Miguel Núñez
Pitching: LHP Miguel Núñez
Batting: RHB Roy Bagnall 0-0: Ball
1-0: Ball
2-0: Foul Ball, location: 2F
2-1: Ball
3-1: Foul Ball, location: 2F
3-2: Foul Ball, location: 2F
3-2: Ground out 6-3 (Groundball, 6, EV 78.8 MPH)
Batting: RHB Elroy Hartman 0-0: Called Strike
0-1: Ball
1-1: SINGLE (Flyball, 89S, EV 90.6 MPH)
Batting: SHB Pavlushenka Galanov 0-0: Foul Ball, location: 2F
0-1: Ball
1-1: Ball
2-1: Foul Ball, location: 2F
2-2: Ball
3-2: Fly out, F9 (Flyball, 9, EV 88.8 MPH)
Batting: RHB Tobias Valencia 0-0: Ball
1-0: Called Strike
1-1: Ball
2-1: Fly out, F9 (Flyball, 9LMF, EV 86.9 MPH)
Top of the 1st over - 0 runs, 1 hit, 0 errors, 1 left on base; Minnesota 0 - Yakima 0
BOTTOM OF THE 1ST
Yakima Hops batting - Pitching for Minnesota Loons : RHP Dave Lewis
Pitching: RHP Dave Lewis
Batting: RHB Rickey Warner 0-0: Ground out 5-3 (Groundball, 5, EV 91.9 MPH)
Batting: SHB John Joseph 0-0: Swinging Strike
0-1: Ball
1-1: Ground out U3 (Groundball, 3L, EV 107.5 MPH)
Batting: LHB Juan Fuentes 0-0: Foul Ball, location: 2F
0-1: Ball
1-1: Called Strike
1-2: Foul Ball, location: 2F
1-2: Foul Ball, location: 2F
1-2: Ball
2-2: Foul Ball, location: 2F
2-2: Ball
3-2: Foul Ball, location: 2F
3-2: Foul Ball, location: 2F
3-2: Fly out, F8 (Flyball, 78D, EV 89.4 MPH)
Bottom of the 1st over - 0 runs, 0 hits, 0 errors, 0 left on base; Minnesota 0 - Yakima 0
TOP OF THE 2ND
Minnesota Loons batting - Pitching for Yakima Hops : LHP Miguel Núñez
Batting: RHB Ronald Hancock 0-0: Swinging Strike
0-1: Foul Ball, location: 2F
0-2: Ball
1-2: Ball
2-2: Strikes out looking
Batting: RHB Sergei Adjubei 0-0: Ball
1-0: DOUBLE (Flyball, 89D, EV 93.1 MPH)
Batting: LHB Javier Caceres 0-0: Ball
1-0: Called Strike
1-1: 2-RUN HOME RUN (Flyball, 89XD, EV 100.6 MPH), Distance : 388 ft
Batting: RHB Rafael Carballar 0-0: Foul Ball, location: 2F
0-1: Foul Ball, location: 2F
0-2: Ball
1-2: Strikes out swinging
Batting: LHB Júlio Souza 0-0: Ball
1-0: Fly out, F8 (Line Drive, 8LD, EV 90.6 MPH)
Top of the 2nd over - 2 runs, 2 hits, 0 errors, 0 left on base; Minnesota 2 - Yakima 0
BOTTOM OF THE 2ND
Yakima Hops batting - Pitching for Minnesota Loons : RHP Dave Lewis
Batting: LHB Alfredo Pliego 0-0: Foul Ball, location: 2F
0-1: Called Strike
0-2: Strikes out looking
Batting: LHB Richard Beagle 0-0: Ball
1-0: Fly out, F8 (Line Drive, 8LM, EV 94.4 MPH)
Batting: LHB Damon Cross 0-0: Fly out, F8 (Flyball, 8RM, EV 98.1 MPH)
Bottom of the 2nd over - 0 runs, 0 hits, 0 errors, 0 left on base; Minnesota 2 - Yakima 0
TOP OF THE 3RD
Minnesota Loons batting - Pitching for Yakima Hops : LHP Miguel Núñez
Batting: RHB Roy Bagnall 0-0: Swinging Strike
0-1: SINGLE (Groundball, 34D, EV 96.9 MPH)
Batting: RHB Elroy Hartman 0-0: Ball
1-0: Ball
2-0: SINGLE (Groundball, 4S, EV 63.8 MPH) (infield hit)
Roy Bagnall to second
Batting: SHB Pavlushenka Galanov 0-0: Ball
1-0: Foul Ball, location: 2F
1-1: Fly out, F8 (Flyball, 8LD, EV 87.5 MPH)
Runner from 2nd tags up, SAFE at 3rd with throw by CF
Batting: RHB Tobias Valencia 0-0: Called Strike
0-1: Ball
1-1: Reached on error, E6 (Groundball, 6, EV 95.0 MPH)
Roy Bagnall scores
Elroy Hartman to second
Batting: RHB Ronald Hancock 0-0: Foul Ball, location: 2F
0-1: Ball
1-1: Ball
2-1: 3-RUN HOME RUN (Flyball, 7D, EV 97.5 MPH), Distance : 384 ft
Batting: RHB Sergei Adjubei 0-0: Ball
1-0: Swinging Strike
1-1: Swinging Strike
1-2: Fly out, F8 (Flyball, 8LS, EV 76.2 MPH)
Batting: LHB Javier Caceres 0-0: Called Strike
0-1: Ball
1-1: Ball
2-1: Ball
3-1: Called Strike
3-2: Strikes out swinging
Top of the 3rd over - 4 runs, 3 hits, 1 error, 0 left on base; Minnesota 6 - Yakima 0
BOTTOM OF THE 3RD
Yakima Hops batting - Pitching for Minnesota Loons : RHP Dave Lewis
Batting: LHB Kyung-ryul Kim 0-0: Fly out, F7 (Flyball, 7, EV 93.8 MPH)
Batting: RHB Nicodemo Nardone 0-0: Ball
1-0: Ball
2-0: SINGLE (Groundball, 56D, EV 107.5 MPH)
Batting: RHB Tim Dickson 0-0: Called Strike
0-1: Ball
1-1: DOUBLE (Flyball, 8RXD, EV 91.2 MPH)
Nicodemo Nardone to third
Batting: RHB Rickey Warner 0-0: Ball
1-0: Called Strike
1-1: Ball
2-1: Ball
3-1: Foul Ball, location: 2F
3-2: Base on Balls
Batting: SHB John Joseph 0-0: Ball
1-0: Grounds into fielders choice 1-2 (Groundball, 34S, EV 73.1 MPH)
Tim Dickson to third
Rickey Warner to second
Batting: LHB Juan Fuentes 0-0: Swinging Strike
0-1: Called Strike
0-2: Ball
1-2: Ground out 4-3 (Groundball, 4, EV 85.6 MPH)
Bottom of the 3rd over - 0 runs, 2 hits, 0 errors, 3 left on base; Minnesota 6 - Yakima 0
TOP OF THE 4TH
Minnesota Loons batting - Pitching for Yakima Hops : LHP Miguel Núñez
Batting: RHB Rafael Carballar 0-0: Called Strike
0-1: Ball
1-1: SINGLE (Line Drive, 7S, EV 106.9 MPH)
Batting: LHB Júlio Souza 0-0: Foul Ball, location: 2F
0-1: Foul Ball, location: 2F
0-2: Ball
1-2: Ball
2-2: Foul Ball, location: 2F
2-2: Foul Ball, location: 2F
2-2: Fly out, F4 (Popup, 4S, EV 81.2 MPH)
Batting: RHB Roy Bagnall 0-0: Ball
1-0: Fly out, F9 (Flyball, 9, EV 86.9 MPH)
Batting: RHB Elroy Hartman 0-0: Called Strike
0-1: Ball
1-1: Foul Ball, location: 2F
1-2: Strikes out swinging
Top of the 4th over - 0 runs, 1 hit, 0 errors, 1 left on base; Minnesota 6 - Yakima 0
BOTTOM OF THE 4TH
Yakima Hops batting - Pitching for Minnesota Loons : RHP Dave Lewis
Batting: LHB Alfredo Pliego 0-0: Called Strike
0-1: Ball
1-1: Ball
2-1: Fly out, F8 (Flyball, 8LM, EV 86.9 MPH)
Batting: LHB Richard Beagle 0-0: Ball
1-0: Called Strike
1-1: Ball
2-1: Foul Ball, location: 2F
2-2: Ball
3-2: SINGLE (Line Drive, 7S, EV 106.9 MPH)
Batting: LHB Damon Cross 0-0: Fly out, F5 (Popup, 5S, EV 78.8 MPH)
Batting: LHB Kyung-ryul Kim 0-0: Ball
1-0: Ball
2-0: Fielders Choice at 2nd, U6 (Groundball, 6M, EV 107.5 MPH)
Bottom of the 4th over - 0 runs, 1 hit, 0 errors, 1 left on base; Minnesota 6 - Yakima 0
TOP OF THE 5TH
Minnesota Loons batting - Pitching for Yakima Hops : LHP Miguel Núñez
Batting: SHB Pavlushenka Galanov 0-0: Called Strike
0-1: Foul Ball, location: 2F
0-2: Ball
1-2: Strikes out swinging
Batting: RHB Tobias Valencia 0-0: Ball
1-0: Ball
2-0: Foul Ball, location: 2F
2-1: Foul Ball, location: 2F
2-2: Ground out 6-3 (Groundball, 6MS, EV 80.0 MPH)
Batting: RHB Ronald Hancock 0-0: Called Strike
0-1: Ball
1-1: Ball
2-1: Foul Ball, location: 2F
2-2: Ball
3-2: Foul Ball, location: 2F
3-2: Ground out 6-3 (Groundball, 6, EV 102.5 MPH)
Top of the 5th over - 0 runs, 0 hits, 0 errors, 0 left on base; Minnesota 6 - Yakima 0
BOTTOM OF THE 5TH
Yakima Hops batting - Pitching for Minnesota Loons : RHP Dave Lewis
Batting: RHB Nicodemo Nardone 0-0: Ball
1-0: Fly out, F9 (Flyball, 9S, EV 90.0 MPH)
Batting: RHB Tim Dickson 0-0: Ball
1-0: Swinging Strike
1-1: Ball
2-1: Foul Ball, location: 2F
2-2: Fly out, F8 (Flyball, 8RD, EV 99.4 MPH)
Batting: RHB Rickey Warner 0-0: Called Strike
0-1: Ground out 6-3 (Groundball, 6, EV 86.2 MPH)
Bottom of the 5th over - 0 runs, 0 hits, 0 errors, 0 left on base; Minnesota 6 - Yakima 0
TOP OF THE 6TH
Minnesota Loons batting - Pitching for Yakima Hops : LHP Miguel Núñez
Pitching: RHP Logan Barker
Batting: RHB Sergei Adjubei 0-0: Called Strike
0-1: Called Strike
0-2: Foul Ball, location: 2F
0-2: Foul Ball, location: 2F
0-2: Ball
1-2: Ball
2-2: Ball
3-2: Ground out 5-3 (Groundball, 5L, EV 90.6 MPH)
Batting: LHB Javier Caceres 0-0: Called Strike
0-1: Called Strike
0-2: Ball
1-2: Foul Ball, location: 2F
1-2: Ball
2-2: Foul Ball, location: 2F
2-2: Strikes out swinging
Batting: RHB Rafael Carballar 0-0: Called Strike
0-1: Fly out, F2 (Popup, 23F, EV 87.5 MPH)
Top of the 6th over - 0 runs, 0 hits, 0 errors, 0 left on base; Minnesota 6 - Yakima 0
BOTTOM OF THE 6TH
Yakima Hops batting - Pitching for Minnesota Loons : RHP Dave Lewis
Batting: SHB John Joseph 0-0: Called Strike
0-1: Ball
1-1: Ball
2-1: Foul Ball, location: 2F
2-2: Strikes out swinging
Batting: LHB Juan Fuentes 0-0: Ball
1-0: Ball
2-0: Called Strike
2-1: Ball
3-1: Called Strike
3-2: Fly out, F8 (Flyball, 78D, EV 104.4 MPH)
Batting: LHB Alfredo Pliego 0-0: Called Strike
0-1: Ball
1-1: Ball
2-1: Swinging Strike
2-2: Strikes out looking
Bottom of the 6th over - 0 runs, 0 hits, 0 errors, 0 left on base; Minnesota 6 - Yakima 0
TOP OF THE 7TH
Minnesota Loons batting - Pitching for Yakima Hops : RHP Logan Barker
Batting: LHB Júlio Souza 0-0: Ball
1-0: Foul Ball, location: 2F
1-1: Swinging Strike
1-2: Ball
2-2: Foul Ball, location: 2F
2-2: Ball
3-2: Base on Balls
Batting: RHB Roy Bagnall 0-0: Called Strike
0-1: Grounds into double play, 6-4-3 (Groundball, 6S, EV 79.4 MPH)
Batting: RHB Elroy Hartman 0-0: Ball
1-0: Called Strike
1-1: Called Strike
1-2: Ball
2-2: Foul Ball, location: 2F
2-2: Foul Ball, location: 2F
2-2: Strikes out looking
Top of the 7th over - 0 runs, 0 hits, 0 errors, 0 left on base; Minnesota 6 - Yakima 0
BOTTOM OF THE 7TH
Yakima Hops batting - Pitching for Minnesota Loons : RHP Dave Lewis
Batting: LHB Richard Beagle 0-0: Ground out 6-3 (Groundball, 6, EV 100.6 MPH)
Batting: LHB Damon Cross 0-0: Ball
1-0: Foul Ball, location: 2F
1-1: DOUBLE (Flyball, 78D, EV 103.8 MPH)
Batting: LHB Kyung-ryul Kim 0-0: Ball
1-0: Called Strike
1-1: Foul Ball, location: 2F
1-2: Foul Ball, location: 2F
1-2: Fly out, F7 (Flyball, 7LSF, EV 78.8 MPH)
Batting: RHB Nicodemo Nardone 0-0: Ball
1-0: DOUBLE (Line Drive, 9LS, EV 100.6 MPH)
Damon Cross scores
Batting: RHB Tim Dickson 0-0: Ball
1-0: Swinging Strike
1-1: Ball
2-1: Called Strike
2-2: Strikes out swinging
Bottom of the 7th over - 1 run, 2 hits, 0 errors, 1 left on base; Minnesota 6 - Yakima 1
TOP OF THE 8TH
Minnesota Loons batting - Pitching for Yakima Hops : RHP Logan Barker
Pitching: RHP Steven Evans
Batting: SHB Pavlushenka Galanov 0-0: Ball
1-0: Ball
2-0: Called Strike
2-1: Called Strike
2-2: Ball
3-2: Strikes out looking
Batting: RHB Tobias Valencia 0-0: Ball
1-0: Foul Ball, location: 2F
1-1: Ball
2-1: Foul Ball, location: 2F
2-2: Ball
3-2: Fly out, F9 (Flyball, 9D, EV 91.2 MPH)
Batting: RHB Ronald Hancock 0-0: Ball
1-0: Called Strike
1-1: Ground out 4-3 (Groundball, 4, EV 106.9 MPH)
Top of the 8th over - 0 runs, 0 hits, 0 errors, 0 left on base; Minnesota 6 - Yakima 1
BOTTOM OF THE 8TH
Yakima Hops batting - Pitching for Minnesota Loons : RHP Dave Lewis
Batting: RHB Rickey Warner 0-0: Called Strike
0-1: Ball
1-1: Ground out 6-3 (Groundball, 6S, EV 67.5 MPH)
Pitching: RHP Karol van Kippersluis
Batting: SHB John Joseph 0-0: Ball
1-0: Ball
2-0: Ball
3-0: Base on Balls
Batting: LHB Juan Fuentes 0-0: Called Strike
0-1: Foul Ball, location: 2F
0-2: Foul Ball, location: 2F
0-2: Foul Ball, location: 2F
0-2: Foul Ball, location: 2F
0-2: Ball
1-2: Strikes out looking
Batting: LHB Alfredo Pliego 0-0: Ball
1-0: Fly out, F7 (Flyball, 7S, EV 91.9 MPH)
Bottom of the 8th over - 0 runs, 0 hits, 0 errors, 1 left on base; Minnesota 6 - Yakima 1
TOP OF THE 9TH
Minnesota Loons batting - Pitching for Yakima Hops : RHP Steven Evans
Batting: RHB Sergei Adjubei 0-0: Swinging Strike
0-1: Ball
1-1: Ball
2-1: Called Strike
2-2: Strikes out looking
Batting: LHB Javier Caceres 0-0: Ball
1-0: Ground out 6-3 (Groundball, 6, EV 88.8 MPH)
Batting: RHB Rafael Carballar 0-0: Ball
1-0: Called Strike
1-1: Fly out, F3 (Popup, 3F, EV 70.6 MPH)
Top of the 9th over - 0 runs, 0 hits, 0 errors, 0 left on base; Minnesota 6 - Yakima 1
BOTTOM OF THE 9TH
Yakima Hops batting - Pitching for Minnesota Loons : RHP Karol van Kippersluis
Batting: LHB Richard Beagle 0-0: Called Strike
0-1: Ball
1-1: Ball
2-1: Ball
3-1: Base on Balls
Batting: LHB Damon Cross 0-0: Foul Ball, location: 2F
0-1: Ball
1-1: Ball
2-1: Called Strike
2-2: Reached on error, E5 (Groundball, 56, EV 101.2 MPH)
Richard Beagle to second
Batting: LHB Kyung-ryul Kim 0-0: Foul Ball, location: 2F
0-1: Ball
1-1: Swinging Strike
1-2: Foul Ball, location: 2F
1-2: Fly out, F8 (Flyball, 78XD, EV 102.5 MPH)
Runner from 2nd tags up, SAFE at 3rd, no throw by CF
Batting: RHB Nicodemo Nardone 0-0: Ball
1-0: Foul Ball, location: 2F
1-1: Fly out, F7 (Flyball, 7LSF, EV 77.5 MPH)
Batting: RHB Tim Dickson 0-0: Ball
1-0: Called Strike
1-1: Fly out, F8 (Flyball, 8RS, EV 96.9 MPH)
Bottom of the 9th over - 0 runs, 0 hits, 1 error, 2 left on base; Minnesota 6 - Yakima 1
Tuesday, January 5th, 2021 - OOTP Baseball 20.8 Build 74